 Dungeon Crawl Stone Soup version 0.31.0-32-g396128a36d (webtiles) character file.

Game seed: 13818236408962051289

6 DemonSlayer the Digger (level 1, 0/1 HPs)
             Began as a Demonspawn Earth Elementalist on Apr 21, 2024.
             Slain by a bat (1 damage)
             ... on level 1 of the Dungeon.
             The game lasted 00:01:31 (193 turns).

DemonSlayer the Digger (DsEE)                        Turns: 193, Time: 00:01:32

Health: 0/1        AC:  0    Str:  8    XL:     1   Next: 75%
Magic:  3/3        EV: 12    Int: 15    God:
Gold:   26         SH:  0    Dex: 13    Spells: 3/4 levels left

rFire   . . .        d - melded +2 whip (vamp)
rCold   . . .        (shield currently unavailable)
rNeg    . . .        a - melded +0 robe
rPois   ∞            (helmet currently unavailable)
rElec   +            (cloak currently unavailable)
rCorr   .            (gloves currently unavailable)
SInv    .            (boots currently unavailable)
Will    .....        (no amulet)
Stlth   ++           (no ring)
HPRegen 0.20/turn    (no ring)
MPRegen 0.08/turn

%: no passive effects
@: storm-form, flying
A: cleaving, insubstantial, flying, reduced hp
a: Blinkbolt, Begin Untransformation


You were on level 1 of the Dungeon.
You were a lightning-filled tempest!
You visited 1 branch of the dungeon, and saw 1 of its levels.

You collected 26 gold pieces.

Inventory:

Hand Weapons
 d - a +2 vampiric whip (melded)
Missiles
 c - 4 poisoned darts
Armour
 a - a +0 robe (melded)
Talismans
 e - a storm talisman (active)
Scrolls
 f - a scroll of identify {unknown}
 g - a scroll of teleportation {unknown}
Potions
 b - a potion of magic
 h - a potion of haste {unknown}


   Skills:
 + Level 2.0 Dodging
 + Level 1.7 Stealth
 + Level 2.0 Spellcasting
 + Level 1.0 Conjurations
 + Level 2.9 Earth Magic


You had 3 spell levels left.
You knew the following spells:

 Your Spells              Type           Power      Damage    Failure   Level
a - Sandblast             Erth           20%        2d7       7%          1

Your spell library contained the following spells:

 Spells                   Type           Power      Damage    Failure   Level
 Passwall                 Erth           10%        N/A       21%         3
 Stone Arrow              Conj/Erth      14%        3d7       30%         3
 Brom's Barrelling Bould  Conj/Erth      7%         2d3       69%         4
 Petrify                  Alch/Erth      5%         N/A       77%         4


Dungeon Overview and Level Annotations

Branches:
Dungeon (1/15)

Altars:


Message History

Found a scroll labelled VANOAR RENORU.
You see here a storm talisman.
The blast of sand hits the bat.
The bat is severely wounded.
The bat closely misses you.
The blast of sand hits the bat.
You kill the bat!
e - a storm talisman Setting a skill training target for Shapeshifting at 23.0.
You begin transforming.
You continue transforming. x3
You turn into a lightning-filled tempest!
Your +2 vampiric whip melds into your body.
Your +0 robe melds into your body.
You feel the dreadful sensation subside.
f - a scroll labelled VANOAR RENORU
g - a scroll labelled CUFOIS LIECY
Found a leather armour.
An endoplasm comes into view.
You see here a metallic clear potion.
You can't see any susceptible monsters within range! (Use Z to cast anyway.)
You see here 10 gold pieces.
The endoplasm quivers.
The endoplasm misses you.
You hit the endoplasm.
Lightning courses through the endoplasm!
You kill the endoplasm!
Your Dodging skill increases to level 2!
You now have 16 gold pieces (gained 2).
You now have 26 gold pieces (gained 10).
h - a metallic clear potion A bat comes into view.
You see here a scroll labelled NASYOH SEZINWU.
A bat is nearby!
A bat is nearby!
The helpless bat fails to defend itself.
You hit the bat.
The bat is moderately wounded.
The bat hits you.
Ouch! That really hurt!
You die...

####............#
.......[.........#
##############.###
#.# #.# #.#
#.########
#?#.......
#.vb...#
.........##....
########## #


You could see a bat.

Vanquished Creatures
  A bat (D:1)
  An endoplasm (D:1)
  A quokka (D:1)
  2 frilled lizards (D:1)
  A kobold (D:1)
6 creatures vanquished.

Notes
Turn   | Place    | Note
-------+----------+-------------------------------------------
     0 | D:1      | DemonSlayer the Demonspawn Earth Elementalist began the
                  | quest for the Orb.
     0 | D:1      | Reached XP level 1. HP: 13/13 MP: 3/3
   193 | D:1      | Slain by a bat

Illustrated notes

Levels and vault maps discovered:
D:1:      minmay_arrival_checkered_box, layout_loops_ring, item_on_display_a

Skill      XL: |  1 |
---------------+----+-----
Dodging        | 2 |  2.0
Stealth        | |  1.7
Spellcasting   | |  2.0
Conjurations   | |  1.0
Earth Magic    | |  2.9

Action                     || total
---------------------------++-------
  Melee: Unarmed           ||     2
  Throw: Dart              ||     4
   Cast: Sandblast         ||     6
   Stab: Sleeping          ||     1
 Armour: Robe              ||     1
         Skin              ||     1
  Dodge: Dodged            ||     2
   Form: Storm             ||     1
